 Dungeon Crawl Stone Soup version 0.29-a0-284-gf9362112df (webtiles) character file.

Game seed: 17029136486882928282

708 siradein the Grave Robber (level 7, 0/61 HPs)
             Began as a Deep Dwarf Necromancer on Mar 23, 2022.
             Was an Initiate of Makhleb.
             Slain by Duvessa
             ... wielding a +0 short sword
              (1 damage)
             ... on level 5 of the Dungeon.
             The game lasted 00:20:18 (6336 turns).

siradein the Grave Robber (Deep Dwarf Necromancer)  Turns: 6336, Time: 00:20:19

Health: 0/61       AC:  7    Str: 12    XL:     7   Next: 40%
Magic:  1/11       EV: 11    Int: 17    God:    Makhleb [......]
Gold:   246        SH:  0    Dex: 13    Spells: 5/12 levels left

rFire   . . .      SeeInvis .   b - staff of death
rCold   . . .      Faith    .   (no shield)
rNeg    + . .      Spirit   .   f - +0 ring mail
rPois   .          Reflect  .   c - +0 helmet
rElec   .          Harm     .   q - +0 cloak
rCorr   .          Rampage  .   (no gloves)
Will    +....                   (no boots)
Stlth   +.........              (no amulet)
HPRegen 0.00/turn               (no ring)
MPRegen 0.12/turn               (no ring)

@: mighty
A: damage resistance, heal wounds, sense surroundings 1, no regeneration
a: Heal Wounds, Renounce Religion


You were on level 5 of the Dungeon.
You worshipped Makhleb.
Makhleb was noncommittal.
You visited 2 branches of the dungeon, and saw 6 of its levels.

You collected 246 gold pieces.

Inventory:

Hand Weapons
 a - the +1 long sword of Prudence {freeze, Will++ Dex-5}
   (You found it on level 2 of the Dungeon)

   It freezes those it strikes, dealing additional cold damage.
   It can also slow down cold-blooded creatures.
   Dex:       It affects your dexterity (-5).
   Will:      It greatly increases your willpower.
 t - a +2 flail of protection
Armour
 c - a +0 helmet (worn)
 f - a +0 ring mail (worn)
 q - a +0 cloak (worn)
Magical Staves
 b - a staff of death (weapon)
Jewellery
 s - a ring of fire
Scrolls
 d - 2 scrolls of amnesia
 e - 3 scrolls of teleportation
 g - a scroll of blinking {unknown}
 h - a scroll of immolation {unknown}
 j - a scroll of enchant armour {unknown}
 o - a scroll of identify {unknown}
Potions
 i - a potion of might
 k - a potion of attraction {unknown}
 l - a potion of mutation {unknown}
 m - a potion of heal wounds {unknown}
 n - a potion of magic
 p - a potion of brilliance {unknown}
 r - 3 potions of curing


   Skills:
 + Level 2.5 Fighting
 + Level 1.5 Staves
 + Level 2.7 Armour
 + Level 3.9 Dodging
 - Level 2.4 Stealth
 + Level 3.1 Spellcasting
 * Level 6.5 Necromancy
 + Level 1.7 Invocations
 + Level 2.1 Evocations


You had 5 spell levels left.
You knew the following spells:

 Your Spells              Type           Power      Damage    Failure   Level
a - Vampiric Draining     Necr           37%        2d8       8%          3
b - Animate Dead          Necr           18%        N/A       26%         4

Your spell library contained the following spells:

 Spells                   Type           Power      Damage    Failure   Level
 Animate Skeleton         Necr           74%        N/A       2%          1
 Pain                     Necr           100%       1d9       2%          1
 Scorch                   Fire           4%         2d5       50%         2
 Agony                    Necr           37%        N/A       58%         5
 Dazzling Flash           Conj/Hex       4%         N/A       75%         3
 Flame Wave               Conj/Fire      2%         2d4       98%         4
 Silence                  Hex/Air        1%         N/A       100%        5
 Summon Cactus Giant      Summ           1%         N/A       100%        6


Dungeon Overview and Level Annotations

Branches:
Dungeon (5/15)             Temple (1/1) D:4

Altars:
Ashenzari
Cheibriados
Dithmenos
Elyvilon
Fedhas
Gozag
Hepliaklqana
Kikubaaqudgha
Makhleb
Nemelex Xobeh
Okawaru
Qazlal
Ru
Sif Muna
Trog
Uskayaw
Vehumet
Xom
Yredelemnul
Zin
The Shining One

Annotations:
D:5 Dowan, Duvessa


Innate Abilities, Weirdness & Mutations

You are resistant to damage.
You can heal yourself by infusing magical energy.
You passively map a small area around you.
You do not regenerate.


Message History

You feel life coursing into your body. Duvessa hits you with a +0 short sword!
Dowan closely misses you. Duvessa attacks as you move away!
Duvessa barely misses you. Dowan attacks as you move away!
Dowan hits you with a +1 dagger of distortion.
Space warps around you. Duvessa closely misses you.
You hit Duvessa.
Duvessa is almost dead.
Duvessa hits you with a +0 short sword. Dowan closely misses you.
Duvessa hits you but does no damage.
You hit Duvessa but do no damage.
Duvessa is almost dead.
Duvessa says, "When magic and the sword combine, nothing stands against them."
Duvessa hits you with a +0 short sword. Dowan barely misses you.
Duvessa hits you with a +0 short sword.
You hit Duvessa but do no damage.
Duvessa is almost dead.
Duvessa hits you with a +0 short sword. Dowan barely misses you.
Duvessa attacks as you move away! Duvessa barely misses you.
Duvessa hits you with a +0 short sword!
Dowan generates a fountain of clear water, and laughs cruelly.
Dowan gestures wildly while chanting.
Dowan blinks!
Duvessa hits you with a +0 short sword.
* * * LOW HITPOINT WARNING * * *
Duvessa hits you but does no damage. Dowan gestures at you while chanting.
The puff of flame hits you.
* * * LOW HITPOINT WARNING * * *
Duvessa attacks as you move away! Duvessa closely misses you.
Dowan casts a spell at you. The puff of frost hits you.
Duvessa hits you with a +0 short sword. Duvessa attacks as you move away!
Duvessa hits you with a +0 short sword!
* * * LOW HITPOINT WARNING * * *
There is a stone staircase leading up, spattered with blood here.
Duvessa hits you with a +0 short sword!
* * * LOW HITPOINT WARNING * * *
It was a potion of might.
You feel very mighty all of a sudden.
Duvessa hits you with a +0 short sword. x2
You die...

#..# #.# ##.###.# *
#..##.# ##.##.# #..#.#
##.#.# ##...######
#########
#....[....###.......#
#.#..####@#.........#
#.#.>...#e#.#.......# *
#.##.#...e<.........# ,
..*#.##.#...........#
*## #.##.#...........#
* #.#..#.##........# ,
#####.#.##.##........#
#.....#.#............##
#.#####.#######.......#


You could see Duvessa (fast) and Dowan.

Vanquished Creatures
  A black bear (D:4)
  An ice beast (D:5)
  A howler monkey (D:4)
  A jelly (D:5)
  A gnoll shaman (D:4)
  2 orc priests (D:3)
  2 hounds (D:5)
  2 iguanas
  An orc wizard (D:3)
  Robin (D:3)
  7 gnolls (D:4)
  6 adders
  A worm (D:5)
  5 dart slugs
  8 orcs
  6 ball pythons
  3 bats
  6 endoplasms
  2 giant cockroaches
  13 goblins
  7 hobgoblins
  3 jackals (D:2)
  6 kobolds
  2 quokkas
  2 frilled lizards (D:1)
  9 rats
99 creatures vanquished.

Notes
Turn   | Place    | Note
-------+----------+-------------------------------------------
     0 | D:1      | siradein the Deep Dwarf Necromancer began the quest for the
                  | Orb.
     0 | D:1      | Reached XP level 1. HP: 15/15 MP: 3/3
   254 | D:1      | Reached XP level 2. HP: 22/24 MP: 1/4
  1117 | D:2      | Reached XP level 3. HP: 25/30 MP: 6/6
  1125 | D:2      | Learned a level 3 spell: Vampiric Draining
  1186 | D:2      | Reached skill level 1 in Fighting
  1654 | D:2      | Identified the +1 long sword of Prudence {freeze, Will++
                  | Dex-5}
  1847 | D:2      | Found a faded altar of an unknown god.
  2070 | D:3      | Reached skill level 1 in Armour
  2070 | D:3      | Reached skill level 5 in Necromancy
  2070 | D:3      | Reached XP level 4. HP: 32/38 MP: 3/7
  2267 | D:3      | Reached XP level 5. HP: 10/44 MP: 8/8
  2794 | D:3      | Learned a level 4 spell: Animate Dead
  2949 | D:3      | Noticed Robin
  2962 | D:3      | Killed Robin
  3510 | D:4      | Noticed a black bear
  3548 | D:4      | Killed a black bear
  3549 | D:4      | Reached XP level 6. HP: 25/52 MP: 0/10
  3768 | D:4      | Found a staircase to the Ecumenical Temple.
  3872 | Temple   | Entered the Ecumenical Temple
  4201 | Temple   | Became a worshipper of Makhleb the Destroyer
  4307 | D:4      | Reached skill level 6 in Necromancy
  4307 | D:4      | Reached skill level 1 in Evocations
  4437 | D:4      | Reached skill level 1 in Staves
  4985 | D:4      | Reached skill level 1 in Invocations
  5830 | D:5      | Entered Level 5 of the Dungeon
  5836 | D:5      | Reached XP level 7. HP: 44/60 MP: 1/11
  6202 | D:5      | Noticed Duvessa
  6292 | D:5      | Noticed Dowan
  6334 | D:5      | HP: 1/61 [Duvessa/+0 short sword (5)]
  6336 | D:5      | Slain by Duvessa

Illustrated notes

Levels and vault maps discovered:
D:1:      psy_arrival_terrarium, layout_loops_ring
D:2:      layout_basic, dreamdust_ecumenical_altar_hidden_monk_grotto
D:3:      wander_river, layout_basic, uniq_robin
D:4:      layout_basic, minmay_temple_entry_offerings
D:5:      gammafunk_cloud_chamber, layout_basic, uniq_duvessa
Temple:   mainiacjoe_temple_circle_huts

Skill      XL: |  1  2  3  4  5  6  7 |
---------------+----------------------+-----
Spellcasting   | 2 3 |  3.1
Fighting       | 1 2 |  2.5
Armour         | 1 2 |  2.7
Necromancy     | 5 6 |  6.5
Dodging        | 3 |  3.9
Evocations     | 1 2 |  2.1
Staves         | 1 |  1.5
Invocations    | 1 |  1.7
Stealth        | |  2.4

Action                   |  1- 3 |  4- 6 |  7- 9 || total
-------------------------+-------+-------+-------++-------
Melee: Unarmed           |     7 |       |       ||     7
       Hand axe          |    17 |       |       ||    17
       Long sword        |     2 |    69 |       ||    71
       Punch             |     1 |     2 |     1 ||     4
       Staff             |       |    67 |    28 ||    95
 Cast: Pain              |    44 |     4 |       ||    48
       Vampiric Draining |       |    53 |    13 ||    66
  Use: Scroll            |       |     2 |       ||     2
       Potion            |       |       |     1 ||     1
Armor: Robe              |     1 |       |       ||     1
       Ring mail         |     5 |    87 |     9 ||   101
       Leather armour    |     5 |       |       ||     5
Dodge: Dodged            |    16 |   116 |    31 ||   163

Table legend: (Time is in decaauts)
 A = Elapsed time spent in this place.
 B = Non-inter-level travel time spent in this place.
 C = Inter-level travel time spent in this place.
 D = Time resting spent in this place.
 E = Time spent auto-exploring this place.
 F = Levels seen in this place.
 G = Mean time per level.
                   A        B        C        D        E       F      G
               +--------+--------+--------+--------+--------+-----+--------+
         Total |   6386 |   6340 |     46 |    166 |   4923 |   6 | 1064.3 |
       Dungeon |   6035 |   5989 |     46 |    166 |   4640 |   5 | 1207.0 |
        Temple |    350 |    350 |      0 |      0 |    283 |   1 |  350.0 |
               +--------+--------+--------+--------+--------+-----+--------+

Top non-repeatable levels by time:
     D:4: 2022 daAuts
     D:3: 1488 daAuts
     D:2: 1111 daAuts
     D:1: 903 daAuts
     D:5: 509 daAuts
  Temple: 350 daAuts
